Penguins vs Stars (R1)

Created - February 28, 2021 at 19:29

Goals
1 2 3 T
Penguins 1 1 1 3
Stars 0 0 1 1
Shots
1 2 3 T
Penguins 15 14 7 36
Stars 7 6 12 25

1st period

1. Penguins , Keith Aulie 7 (Nikita Kucherov 34, Jeff Skinner 17) at 16:21 (PP)

Penalties :
Ian White (Dal) for Roughing (Minor) at 5:31, Jussi Jokinen (Dal) for Hooking (Minor) at 16:15

2nd period

2. Penguins , Jeff Skinner 15 (Danny DeKeiser 20, Nikita Kucherov 35) at 5:49

Penalties :
Brian Lee (Dal) for Tripping (Minor) at 0:03, Ian White (Dal) for Hooking (Minor) at 14:39, Jeff Skinner (Pit) for Holding (Minor) at 18:16

3rd period

3. Stars , Michael Grabner 23 (John Tavares 69, Antoine Vermette 18) at 1:21 (PP)
4. Penguins , Marcus Foligno 7 (Sean Monahan 11, Eric Gryba 5) at 19:01

Penalties :
Jeff Skinner (Pit) for Cross-checking (Minor) at 0:18, Keith Aulie (Pit) for Roughing (Minor) at 2:04, Marcus Foligno (Pit) for Goalie Interference (Minor) at 5:52, Gilbert Brule (Pit) for Hooking (Minor) at 8:40, John Tavares (Dal) for High sticking (Minor) at 8:50

Goalie Stats

Michal Neuvirth (Pit), 24 saves from 25 shots - (0.960), W, 23-17-6, 60:00 minutes
Matt Murray (Dal), 33 saves from 36 shots - (0.917), L, 14-4-1, 60:00 minutes

Players Stats for Penguins

Player Name              G  A  P  +/- PIM S  H  SB GA TA FO     MP     PP MP  PK MP  
------------------------------------------------------------------------------------
Alexei Marchenko         0  0  0   1  0   1  0  1  1  0  0/0    13:46   0:00   0:51 
Andrew Cogliano          0  0  0   0  0   5  1  2  0  0  1/1    15:41   2:32   0:56 
Cal Clutterbuck          0  0  0   0  0   0  1  0  0  0  0/0    11:04   0:00   1:33 
Daniel Carcillo          0  0  0   0  0   1  0  1  0  0  1/1    14:45   0:19   4:41 
Danny DeKeiser           0  1  1   1  0   1  1  3  0  1  0/0    27:40   3:21   4:06 
Eric Gryba               0  1  1   1  0   1  1  2  2  0  0/0    13:11   0:00   0:10 
Gilbert Brule            0  0  0   0  2   3  1  0  0  0  7/13   14:50   2:42   0:52 
Jake McCabe              0  0  0   0  0   0  0  1  0  0  0/0    19:18   2:52   3:03 
Jeff Schultz             0  0  0   0  0   1  1  1  0  0  0/0    19:32   2:52   3:11 
Jeff Skinner             1  1  2   1  4   2  1  0  0  0  0/0    17:19   3:22   0:00 
Joe Colborne             0  0  0   0  0   1  1  0  0  0  0/2    11:17   0:00   1:33 
Keith Aulie              1  0  1   1  2   3  1  0  0  0  0/0    26:38   3:21   2:59 
Marcus Foligno           1  0  1   1  2   4  0  0  2  1  0/0    10:54   0:10   0:00 
Marian Hossa             0  0  0   1  0   2  0  0  0  0  0/0    10:09   0:09   0:00 
Mark Stone               0  0  0   0  0   0  2  0  1  0  0/0    13:27   2:32   0:00 
Nikita Kucherov          0  2  2   1  0   4  0  1  1  0  0/2    18:15   3:22   0:00 
Sean Monahan             0  1  1   1  0   3  0  0  1  0  1/3     9:57   0:00   0:00 
Steven Stamkos           0  0  0   1  0   4  1  1  1  2  18/45  23:12   3:31   4:45 

Players Stats for Stars

Player Name              G  A  P  +/- PIM S  H  SB GA TA FO     MP     PP MP  PK MP  
------------------------------------------------------------------------------------
Alex Chiasson            0  0  0   0  0   2  0  0  0  0  1/1    14:10   2:58   0:00 
Antoine Vermette         0  1  1   0  0   0  2  1  0  0  10/18  15:26   2:58   0:16 
B.J. Crombeen            0  0  0  -1  0   1  3  0  0  3  0/0    12:29   0:00   0:00 
Boris Valabik            0  0  0   0  0   0  0  1  0  1  0/0    19:40   2:34   3:17 
Brian Lee                0  0  0  -1  2   5  0  3  3  1  0/0    27:50   4:36   2:09 
Cam Atkinson             0  0  0   0  0   2  0  0  0  0  0/0     6:04   0:00   0:00 
Cory Emmerton            0  0  0  -1  0   0  0  1  0  1  1/4    13:25   0:05   0:04 
Evgeny Grachev           0  0  0   0  0   0  1  0  1  0  4/5     8:09   0:00   1:31 
Guillaume Latendresse    0  0  0  -1  0   3  1  0  0  0  2/3    22:38   4:07   3:06 
Ian White                0  0  0  -1  4   1  2  1  0  0  0/0    26:26   4:36   1:14 
Jesse Joensuu            0  0  0   0  0   0  1  1  0  0  0/0     6:04   0:00   0:00 
John Tavares             0  1  1  -1  2   2  1  2  0  0  19/34  21:14   4:11   3:07 
Jussi Jokinen            0  0  0   0  2   3  1  0  0  0  1/1    17:46   2:58   2:44 
Michael Grabner          1  0  1  -1  0   6  0  0  0  0  0/0    19:47   4:07   1:29 
Paul Ladue               0  0  0  -1  0   0  1  1  0  1  0/0    15:32   0:00   3:12 
Shane O'Brien            0  0  0   0  0   0  0  4  0  1  0/0    19:17   2:34   2:34 
Ted Purcell              0  0  0  -1  0   0  0  0  0  0  1/1    13:34   0:05   0:09 
Tyson Barrie             0  0  0  -1  0   0  0  0  0  1  0/0    12:22   0:00   0:00 

3 Stars

1 - Michal Neuvirth (Pit)
2 - Nikita Kucherov (Pit)
3 - Jeff Skinner (Pit)

Power Play

Penguins - 1 on 4 Attempt(s) - 25.00%
Stars - 1 on 6 Attempt(s) - 16.67%

Penalty Kill

Penguins - 5 on 6 Attempt(s) - 83.33% - Score 0 goal in Penalty Kill
Stars - 3 on 4 Attempt(s) - 75.00% - Score 0 goal in Penalty Kill

Team Stat

Penguins - Hits : 12 - Faceoff Wins : 28 - Blocked Shots : 13 - Penalty Minutes : 10
Stars - Hits : 13 - Faceoff Wins : 39 - Blocked Shots : 15 - Penalty Minutes : 10

Official

Referees : Unknown
Linesman : Unknown

Game Notes

12:51 of 3rd period - Penalty Shot by Nikita Kucherov for Penguins - Stopped by Matt Murray

Finance

Level 1 -- Attendance: 4634 (77.23%) -- Ticket Income $532,910
Level 2 -- Attendance: 3669 (73.38%) -- Ticket Income $256,830
Level 3 -- Attendance: 1589 (79.45%) -- Ticket Income $71,505
Level 4 -- Attendance: 3048 (76.20%) -- Ticket Income $106,680
Luxury Box -- Attendance: 768 (76.80%) -- Ticket Income $165,120
Game was played at the American Airlines Center.
Total Attendance: 13708 (76.16%)
Total Ticket Income: $1,133,045
Other Income: $169,957
Total Income: $1,303,002

Penguins

5 vs 5 Forward 
   Center                   Left Wing                Right Wing               Time % Phy DF OF 
 1 Steven Stamkos           Jeff Skinner             Nikita Kucherov          40     0   2  3  
 2 Gilbert Brule            Andrew Cogliano          Mark Stone               30     0   2  3  
 3 Joe Colborne             Daniel Carcillo          Cal Clutterbuck          20     0   2  3  
 4 Sean Monahan             Marcus Foligno           Marian Hossa             10     0   2  3  

5 vs 5 Defense 
   Defense                  Defense                                           Time % Phy DF OF 
 1 Danny DeKeiser           Keith Aulie                                       40     1   2  2  
 2 Jeff Schultz             Jake McCabe                                       30     1   2  2  
 3 Alexei Marchenko         Eric Gryba                                        20     1   2  2  
 4 Danny DeKeiser           Keith Aulie                                       10     1   2  2  

PowerPlay Forward 
   Center                   Left Wing                Right Wing               Time % Phy DF OF 
 1 Steven Stamkos           Jeff Skinner             Nikita Kucherov          60     0   1  4  
 2 Gilbert Brule            Andrew Cogliano          Mark Stone               40     0   1  4  

PowerPlay Defense
   Defense                  Defense                                           Time % Phy DF OF 
 1 Danny DeKeiser           Keith Aulie                                       60     0   2  3  
 2 Jeff Schultz             Jake McCabe                                       40     0   2  3  

Penalty Kill 4 Players Forward 
   Center                   Wing                     Time % Phy DF OF 
 1 Steven Stamkos           Daniel Carcillo          60     1   3  1  
 2 Joe Colborne             Cal Clutterbuck          40     1   3  1  

Penalty Kill 4 Players Defense
   Defense                  Defense                  Time % Phy DF OF 
 1 Danny DeKeiser           Keith Aulie              60     1   3  1  
 2 Jeff Schultz             Jake McCabe              40     1   3  1  

Penalty Kill - 3 Players Forward 
   Forward                                           Time % Phy DF OF 
 1 Daniel Carcillo                                   60     1   3  1  
 2 Cal Clutterbuck                                   40     1   3  1  

Penalty Kill - 3 Players Defense
   Defense                  Defense                  Time % Phy DF OF 
 1 Danny DeKeiser           Keith Aulie              60     1   3  1  
 2 Jeff Schultz             Jake McCabe              40     1   3  1  

4 vs 4 Forward 
   Center                   Wing                     Time % Phy DF OF 
 1 Steven Stamkos           Nikita Kucherov          60     0   2  3  
 2 Gilbert Brule            Andrew Cogliano          40     0   2  3  

4 vs 4 Defense
   Defense                  Defense                  Time % Phy DF OF 
 1 Danny DeKeiser           Keith Aulie              60     1   2  2  
 2 Jeff Schultz             Jake McCabe              40     1   2  2  

Last Minutes Offensive
   Center                   Left Wing                Right Wing               Defense                  Defense                  
   Steven Stamkos           Jeff Skinner             Nikita Kucherov          Danny DeKeiser           Keith Aulie              

Last Minutes Defensive
   Center                   Left Wing                Right Wing               Defense                  Defense                  
   Steven Stamkos           Daniel Carcillo          Cal Clutterbuck          Danny DeKeiser           Keith Aulie              

Goaltenders
Starting : Michal Neuvirth          
Backup : Sergei Bobrovsky         

Extra Forwards
Normal : Steven Stamkos, Andrew Cogliano, Marcus Foligno - PP : Steven Stamkos, Andrew Cogliano - PK : Daniel Carcillo
Extra Defensemen
Normal : Danny DeKeiser, Jeff Schultz, Alexei Marchenko - PP : Keith Aulie - PK : Danny DeKeiser, Jeff Schultz
Penalty Shots
Nikita Kucherov, Steven Stamkos, Andrew Cogliano, Gilbert Brule, Jeff Skinner

Scratches
Andreas Martinsen (Healthy), Sean Zimmerman (Sore Right Knee Injury)

Stars

5 vs 5 Forward 
   Center                   Left Wing                Right Wing               Time % Phy DF OF 
 1 John Tavares             Guillaume Latendresse    Michael Grabner          40     1   2  2  
 2 Antoine Vermette         Jussi Jokinen            Alex Chiasson            30     1   2  2  
 3 Cory Emmerton            Ted Purcell              B.J. Crombeen            20     1   2  2  
 4 Evgeny Grachev           Jesse Joensuu            Cam Atkinson             10     1   2  2  

5 vs 5 Defense 
   Defense                  Defense                                           Time % Phy DF OF 
 1 Ian White                Brian Lee                                         40     1   2  2  
 2 Shane O'Brien            Boris Valabik                                     30     1   2  2  
 3 Tyson Barrie             Paul Ladue                                        20     1   2  2  
 4 Ian White                Brian Lee                                         10     1   2  2  

PowerPlay Forward 
   Center                   Left Wing                Right Wing               Time % Phy DF OF 
 1 John Tavares             Guillaume Latendresse    Michael Grabner          60     0   1  4  
 2 Antoine Vermette         Jussi Jokinen            Alex Chiasson            40     0   1  4  

PowerPlay Defense
   Defense                  Defense                                           Time % Phy DF OF 
 1 Ian White                Brian Lee                                         60     0   1  4  
 2 Shane O'Brien            Boris Valabik                                     40     0   1  4  

Penalty Kill 4 Players Forward 
   Center                   Wing                     Time % Phy DF OF 
 1 John Tavares             Guillaume Latendresse    60     0   3  2  
 2 Jussi Jokinen            Michael Grabner          40     0   3  2  

Penalty Kill 4 Players Defense
   Defense                  Defense                  Time % Phy DF OF 
 1 Ian White                Brian Lee                60     0   3  2  
 2 Shane O'Brien            Boris Valabik            40     0   3  2  

Penalty Kill - 3 Players Forward 
   Forward                                           Time % Phy DF OF 
 1 John Tavares                                      60     0   3  2  
 2 Guillaume Latendresse                             40     0   3  2  

Penalty Kill - 3 Players Defense
   Defense                  Defense                  Time % Phy DF OF 
 1 Ian White                Brian Lee                60     0   3  2  
 2 Shane O'Brien            Boris Valabik            40     0   3  2  

4 vs 4 Forward 
   Center                   Wing                     Time % Phy DF OF 
 1 John Tavares             Guillaume Latendresse    60     0   2  3  
 2 Jussi Jokinen            Michael Grabner          40     0   2  3  

4 vs 4 Defense
   Defense                  Defense                  Time % Phy DF OF 
 1 Ian White                Brian Lee                60     0   2  3  
 2 Shane O'Brien            Boris Valabik            40     0   2  3  

Last Minutes Offensive
   Center                   Left Wing                Right Wing               Defense                  Defense                  
   John Tavares             Guillaume Latendresse    Michael Grabner          Ian White                Brian Lee                

Last Minutes Defensive
   Center                   Left Wing                Right Wing               Defense                  Defense                  
   John Tavares             Guillaume Latendresse    Michael Grabner          Ian White                Brian Lee                

Goaltenders
Starting : Matt Murray              
Backup : Cory Schneider           

Extra Forwards
Normal : Ted Purcell, Cory Emmerton, Evgeny Grachev - PP : Ted Purcell, Cory Emmerton - PK : Evgeny Grachev
Extra Defensemen
Normal : Tyson Barrie, Paul Ladue, Shane O'Brien - PP : Tyson Barrie - PK : Paul Ladue, Shane O'Brien
Penalty Shots
John Tavares, Guillaume Latendresse, Jussi Jokinen, Michael Grabner, Antoine Vermette

Scratches
Alexander Frolov (Healthy), Andrej Sustr (Healthy), Damien Brunner (Healthy)

% Time on Ice - Penguins

Lines # - Real PCT - Wanted PCT - Time Play
Normal Forward
1 - 32% - 40% - 14:25
2 - 25% - 30% - 11:03
3 - 21% - 20% - 9:23
4 - 22% - 10% - 9:57
Normal Defense
1 - 38% - 40% - 17:13
2 - 28% - 30% - 12:35
3 - 29% - 20% - 12:55
4 - 5% - 10% - 2:05
PP Forward
1 - 59% - 60% - 3:41
2 - 41% - 40% - 2:32
PP Defense
1 - 54% - 60% - 3:21
2 - 46% - 40% - 2:52
PK Forward
1 - 78% - 60% - 5:37
2 - 22% - 40% - 1:33
PK Defense
1 - 69% - 60% - 4:58
2 - 31% - 40% - 2:12
PK3 Forward
1 - 0% - 60%
2 - 0% - 40%
PK3 Defense
1 - 0% - 60%
2 - 0% - 40%
44 Forward
1 - 78% - 60% - 1:25
2 - 22% - 40% - 0:24
44 Defense
1 - 56% - 60% - 1:01
2 - 44% - 40% - 0:48
Last Minute Offensive  - 0:00
Last Minute Defensive  - 0:00
Total
Forward - 60:00
Defense - 60:00

% Time on Ice - Stars

Lines # - Real PCT - Wanted PCT - Time Play
Normal Forward
1 - 33% - 40% - 14:36
2 - 26% - 30% - 11:39
3 - 28% - 20% - 12:29
4 - 14% - 10% - 6:04
Normal Defense
1 - 39% - 40% - 17:34
2 - 30% - 30% - 13:25
3 - 26% - 20% - 11:45
4 - 5% - 10% - 2:04
PP Forward
1 - 59% - 60% - 4:12
2 - 41% - 40% - 2:58
PP Defense
1 - 64% - 60% - 4:36
2 - 36% - 40% - 2:34
PK Forward
1 - 76% - 60% - 4:44
2 - 24% - 40% - 1:29
PK Defense
1 - 59% - 60% - 3:39
2 - 41% - 40% - 2:34
PK3 Forward
1 - 0% - 60%
2 - 0% - 40%
PK3 Defense
1 - 0% - 60%
2 - 0% - 40%
44 Forward
1 - 100% - 60% - 1:49
2 - 0% - 40% - 0:00
44 Defense
1 - 60% - 60% - 1:05
2 - 40% - 40% - 0:44
Last Minute Offensive  - 0:00
Last Minute Defensive  - 0:00
Total
Forward - 60:00
Defense - 60:00

Play-by-Play

1st period


0:01 of 1st period - John Tavares wins face-off versus Steven Stamkos in neutral zone.
0:26 of 1st period - Ian White is hit by Mark Stone and loses puck.
0:30 of 1st period - Icing by Antoine Vermette.
0:31 of 1st period - Gilbert Brule wins face-off versus Antoine Vermette in Stars zone.
0:32 of 1st period - Snap shot by Andrew Cogliano.
0:32 of 1st period - Deflect By Gilbert Brule.
0:32 of 1st period - Shot Misses the Net.
0:32 of 1st period - Puck is out of play.
0:33 of 1st period - Gilbert Brule wins face-off versus Cory Emmerton in Stars zone.
0:34 of 1st period - Wrist shot by Andrew Cogliano.
0:34 of 1st period - Shot Blocked by Cory Emmerton.
0:58 of 1st period - Evgeny Grachev is hit by Cal Clutterbuck and loses puck.
1:27 of 1st period - Snap shot by Marcus Foligno.
1:27 of 1st period - Stopped by Matt Murray with a rebound.
1:29 of 1st period - Snap shot by Marcus Foligno.
1:29 of 1st period - Stopped by Matt Murray without a rebound.
1:30 of 1st period - Antoine Vermette wins face-off versus Steven Stamkos in Stars zone.
1:39 of 1st period - Snap shot by Nikita Kucherov.
1:39 of 1st period - Stopped by Matt Murray without a rebound.
1:40 of 1st period - Antoine Vermette wins face-off versus Steven Stamkos in Stars zone.
1:55 of 1st period - Wrist shot by Steven Stamkos.
1:55 of 1st period - Shot Misses the Net.
2:01 of 1st period - Slapshot by Steven Stamkos.
2:01 of 1st period - Shot Misses the Net.
2:03 of 1st period - Slapshot by Alexei Marchenko.
2:03 of 1st period - Stopped by Matt Murray with a rebound.
2:05 of 1st period - Slapshot by Eric Gryba.
2:05 of 1st period - Shot Misses the Net.
2:17 of 1st period - Slapshot by Steven Stamkos.
2:17 of 1st period - Shot Misses the Net.
2:19 of 1st period - Snap shot by Alexei Marchenko.
2:19 of 1st period - Deflect By Nikita Kucherov.
2:19 of 1st period - Stopped by Matt Murray without a rebound.
2:20 of 1st period - Gilbert Brule wins face-off versus John Tavares in Stars zone.
2:21 of 1st period - Wrist shot by Andrew Cogliano.
2:21 of 1st period - Shot Misses the Net.
5:31 of 1st period - Minor Penalty to Ian White for Roughing.
5:32 of 1st period - John Tavares wins face-off versus Steven Stamkos in Stars zone.
6:06 of 1st period - Snap shot by Gilbert Brule.
6:06 of 1st period - Stopped by Matt Murray without a rebound.
6:07 of 1st period - Jussi Jokinen wins face-off versus Gilbert Brule in Stars zone.
7:31 of 1st period - Penalty to Ian White is over, Ian White is back on ice.
7:50 of 1st period - Wrist shot by Sean Monahan.
7:50 of 1st period - Deflect By Marian Hossa.
7:50 of 1st period - Stopped by Matt Murray with a rebound.
8:20 of 1st period - Snap shot by Andrew Cogliano.
8:20 of 1st period - Deflect By Mark Stone.
8:20 of 1st period - Shot Misses the Net.
8:20 of 1st period - Puck is out of play.
8:21 of 1st period - Gilbert Brule wins face-off versus Evgeny Grachev in Stars zone.
8:55 of 1st period - Snap shot by Steven Stamkos.
8:55 of 1st period - Shot Blocked by Jesse Joensuu.
8:57 of 1st period - Snap shot by Jeff Schultz.
8:57 of 1st period - Stopped by Matt Murray with a rebound.
9:53 of 1st period - Snap shot by Steven Stamkos.
9:53 of 1st period - Shot Blocked by Brian Lee.
10:03 of 1st period - Snap shot by Brian Lee.
10:03 of 1st period - Stopped by Michal Neuvirth without a rebound.
10:04 of 1st period - John Tavares wins face-off versus Gilbert Brule in Penguins zone.
10:30 of 1st period - Tyson Barrie is hit by Jeff Skinner and loses puck.
10:37 of 1st period - Slapshot by Jussi Jokinen.
10:37 of 1st period - Stopped by Michal Neuvirth without a rebound.
10:38 of 1st period - John Tavares wins face-off versus Steven Stamkos in Penguins zone.
10:41 of 1st period - Snap shot by Guillaume Latendresse.
10:41 of 1st period - Stopped by Michal Neuvirth with a rebound.
10:47 of 1st period - Snap shot by John Tavares.
10:47 of 1st period - Stopped by Michal Neuvirth without a rebound.
10:48 of 1st period - John Tavares wins face-off versus Steven Stamkos in Penguins zone.
10:55 of 1st period - Wrist shot by Michael Grabner.
10:55 of 1st period - Stopped by Michal Neuvirth with a rebound.
10:59 of 1st period - Snap shot by Michael Grabner.
10:59 of 1st period - Shot Misses the Net.
11:07 of 1st period - Slapshot by Steven Stamkos.
11:07 of 1st period - Shot Blocked by Ian White.
11:23 of 1st period - Snap shot by Nikita Kucherov.
11:23 of 1st period - Stopped by Matt Murray without a rebound.
11:24 of 1st period - Andrew Cogliano wins face-off versus Antoine Vermette in Stars zone.
11:31 of 1st period - Snap shot by Andrew Cogliano.
11:31 of 1st period - Stopped by Matt Murray without a rebound.
11:32 of 1st period - Antoine Vermette wins face-off versus Gilbert Brule in Stars zone.
11:38 of 1st period - Off-side.
11:39 of 1st period - Guillaume Latendresse wins face-off versus Steven Stamkos in neutral zone.
11:44 of 1st period - Steven Stamkos is hit by Guillaume Latendresse and loses puck.
12:33 of 1st period - Slapshot by Brian Lee.
12:33 of 1st period - Shot Blocked by Alexei Marchenko.
12:35 of 1st period - Slapshot by Ian White.
12:35 of 1st period - Shot Blocked by Daniel Carcillo.
12:37 of 1st period - Snap shot by B.J. Crombeen.
12:37 of 1st period - Stopped by Michal Neuvirth with a rebound.
12:53 of 1st period - Wrist shot by Evgeny Grachev.
12:53 of 1st period - Shot Misses the Net.
13:56 of 1st period - Cal Clutterbuck is hit by Paul Ladue and loses puck.
16:09 of 1st period - Snap shot by Daniel Carcillo.
16:09 of 1st period - Stopped by Matt Murray with a rebound.
16:11 of 1st period - Slapshot by Daniel Carcillo.
16:11 of 1st period - Shot Misses the Net.
16:13 of 1st period - Slapshot by Alexei Marchenko.
16:13 of 1st period - Shot Blocked by Antoine Vermette.
16:15 of 1st period - Minor Penalty to Jussi Jokinen for Hooking.
16:16 of 1st period - Steven Stamkos wins face-off versus John Tavares in Stars zone.
16:17 of 1st period - Slapshot by Nikita Kucherov.
16:17 of 1st period - Deflect By Jeff Skinner.
16:17 of 1st period - Stopped by Matt Murray with a rebound.
16:19 of 1st period - Wrist shot by Nikita Kucherov.
16:19 of 1st period - Shot Blocked by Brian Lee.
16:21 of 1st period - Snap shot by Keith Aulie.
16:21 of 1st period - Goal by Keith Aulie - Penguins : 1 - Stars : 0.
16:22 of 1st period - Steven Stamkos wins face-off versus John Tavares in neutral zone.
16:37 of 1st period - Wrist shot by Michael Grabner.
16:37 of 1st period - Deflect By John Tavares.
16:37 of 1st period - Shot Misses the Net.
16:37 of 1st period - Puck is out of play.
16:38 of 1st period - Antoine Vermette wins face-off versus Gilbert Brule in Penguins zone.
16:41 of 1st period - Snap shot by Antoine Vermette.
16:41 of 1st period - Deflect By Jussi Jokinen.
16:41 of 1st period - Shot Misses the Net.
16:41 of 1st period - Puck is out of play.
16:42 of 1st period - Antoine Vermette wins face-off versus Gilbert Brule in Penguins zone.
16:42 of 1st period - Antoine Vermette is hit by Keith Aulie.
17:19 of 1st period - Snap shot by John Tavares.
17:19 of 1st period - Shot Blocked by Steven Stamkos.
17:21 of 1st period - Wrist shot by John Tavares.
17:21 of 1st period - Shot Misses the Net.
17:23 of 1st period - Slapshot by Ian White.
17:23 of 1st period - Shot Misses the Net.
18:03 of 1st period - Slapshot by Sean Monahan.
18:03 of 1st period - Stopped by Matt Murray with a rebound.
19:02 of 1st period - Slapshot by Andrew Cogliano.
19:02 of 1st period - Stopped by Matt Murray without a rebound.
19:03 of 1st period - John Tavares wins face-off versus Steven Stamkos in Stars zone.
19:08 of 1st period - Snap shot by Michael Grabner.
19:08 of 1st period - Deflect By Guillaume Latendresse.
19:08 of 1st period - Shot Misses the Net.
19:08 of 1st period - Puck is out of play.
19:09 of 1st period - John Tavares wins face-off versus Steven Stamkos in Penguins zone.
19:10 of 1st period - Slapshot by Brian Lee.
19:10 of 1st period - Stopped by Michal Neuvirth without a rebound.
19:11 of 1st period - Steven Stamkos wins face-off versus Guillaume Latendresse in Penguins zone.
19:22 of 1st period - Wrist shot by John Tavares.
19:22 of 1st period - Shot Misses the Net.
19:33 of 1st period - Guillaume Latendresse is hit by Eric Gryba.
19:46 of 1st period - Wrist shot by Nikita Kucherov.
19:46 of 1st period - Shot Blocked by Brian Lee.
19:48 of 1st period - Snap shot by Nikita Kucherov.
19:48 of 1st period - Shot Misses the Net.
19:50 of 1st period - Slapshot by Eric Gryba.
19:50 of 1st period - Shot Misses the Net.
19:52 of 1st period - Snap shot by Steven Stamkos.
19:52 of 1st period - Shot Blocked by John Tavares.
19:54 of 1st period - Snap shot by Jeff Skinner.
19:54 of 1st period - Shot Misses the Net.
Goals for this period are 1 for Penguins vs 0 for Stars.
Shots for this period are 15 for Penguins vs 7 for Stars.

2nd period


0:01 of 2nd period - John Tavares wins face-off versus Steven Stamkos in neutral zone.
0:03 of 2nd period - Minor Penalty to Brian Lee for Tripping.
0:04 of 2nd period - John Tavares wins face-off versus Steven Stamkos in Stars zone.
2:03 of 2nd period - Penalty to Brian Lee is over, Brian Lee is back on ice.
2:47 of 2nd period - Off-side.
2:48 of 2nd period - Cory Emmerton wins face-off versus Gilbert Brule in neutral zone.
2:52 of 2nd period - Off-side.
2:53 of 2nd period - Gilbert Brule wins face-off versus Cory Emmerton in neutral zone.
2:56 of 2nd period - Ted Purcell is hit by Mark Stone and loses puck.
3:29 of 2nd period - Snap shot by Cory Emmerton.
3:29 of 2nd period - Shot Blocked by Danny DeKeiser.
3:35 of 2nd period - Snap shot by Brian Lee.
3:35 of 2nd period - Shot Blocked by Andrew Cogliano.
3:43 of 2nd period - Slapshot by Keith Aulie.
3:43 of 2nd period - Stopped by Matt Murray with a rebound.
3:45 of 2nd period - Wrist shot by Andrew Cogliano.
3:45 of 2nd period - Deflect By Gilbert Brule.
3:45 of 2nd period - Stopped by Matt Murray with a rebound.
3:47 of 2nd period - Wrist shot by Gilbert Brule.
3:47 of 2nd period - Shot Blocked by Shane O'Brien.
3:49 of 2nd period - Wrist shot by Andrew Cogliano.
3:49 of 2nd period - Stopped by Matt Murray with a rebound.
3:51 of 2nd period - Snap shot by Mark Stone.
3:51 of 2nd period - Shot Misses the Net.
3:57 of 2nd period - Snap shot by Andrew Cogliano.
3:57 of 2nd period - Stopped by Matt Murray with a rebound.
3:59 of 2nd period - Slapshot by Keith Aulie.
3:59 of 2nd period - Stopped by Matt Murray with a rebound.
4:01 of 2nd period - Slapshot by Danny DeKeiser.
4:01 of 2nd period - Deflect By Gilbert Brule.
4:01 of 2nd period - Shot Blocked by Shane O'Brien.
4:01 of 2nd period - Puck is out of play.
4:02 of 2nd period - Steven Stamkos wins face-off versus John Tavares in Stars zone.
4:12 of 2nd period - Icing by Brian Lee.
4:13 of 2nd period - John Tavares wins face-off versus Steven Stamkos in Stars zone.
4:44 of 2nd period - Slapshot by Brian Lee.
4:44 of 2nd period - Deflect By Jeff Schultz.
4:44 of 2nd period - Stopped by Michal Neuvirth with a rebound.
4:46 of 2nd period - Slapshot by Brian Lee.
4:46 of 2nd period - Deflect By Guillaume Latendresse.
4:46 of 2nd period - Stopped by Michal Neuvirth without a rebound.
4:47 of 2nd period - Antoine Vermette wins face-off versus Joe Colborne in Penguins zone.
5:14 of 2nd period - Keith Aulie is hit by B.J. Crombeen and loses puck.
5:29 of 2nd period - Snap shot by Daniel Carcillo.
5:29 of 2nd period - Shot Misses the Net.
5:43 of 2nd period - Snap shot by Keith Aulie.
5:43 of 2nd period - Shot Blocked by John Tavares.
5:45 of 2nd period - Backhand shot by Nikita Kucherov.
5:45 of 2nd period - Shot Misses the Net.
5:47 of 2nd period - Slapshot by Danny DeKeiser.
5:47 of 2nd period - Stopped by Matt Murray with a rebound.
5:49 of 2nd period - Wrist shot by Jeff Skinner.
5:49 of 2nd period - Goal by Jeff Skinner - Penguins : 2 - Stars : 0.
5:50 of 2nd period - Alex Chiasson wins face-off versus Steven Stamkos in neutral zone.
5:53 of 2nd period - Slapshot by Brian Lee.
5:53 of 2nd period - Shot Blocked by Nikita Kucherov.
5:55 of 2nd period - Wrist shot by Alex Chiasson.
5:55 of 2nd period - Stopped by Michal Neuvirth without a rebound.
5:56 of 2nd period - Steven Stamkos wins face-off versus Antoine Vermette in Penguins zone.
6:25 of 2nd period - John Tavares is hit by Jeff Schultz and loses puck.
7:34 of 2nd period - Wrist shot by Cam Atkinson.
7:34 of 2nd period - Deflect By Jeff Skinner.
7:34 of 2nd period - Shot Blocked by Danny DeKeiser.
7:34 of 2nd period - Puck is out of play.
7:35 of 2nd period - Evgeny Grachev wins face-off versus Steven Stamkos in Penguins zone.
7:36 of 2nd period - Slapshot by Cam Atkinson.
7:36 of 2nd period - Stopped by Michal Neuvirth without a rebound.
7:37 of 2nd period - Evgeny Grachev wins face-off versus Steven Stamkos in Penguins zone.
7:48 of 2nd period - Snap shot by Evgeny Grachev.
7:48 of 2nd period - Shot Misses the Net.
7:50 of 2nd period - Wrist shot by Evgeny Grachev.
7:50 of 2nd period - Deflect By Cam Atkinson.
7:50 of 2nd period - Stopped by Michal Neuvirth without a rebound.
7:51 of 2nd period - Antoine Vermette wins face-off versus Steven Stamkos in Penguins zone.
7:52 of 2nd period - Slapshot by Jussi Jokinen.
7:52 of 2nd period - Shot Misses the Net.
8:00 of 2nd period - Slapshot by Steven Stamkos.
8:00 of 2nd period - Stopped by Matt Murray without a rebound.
8:01 of 2nd period - Antoine Vermette wins face-off versus Steven Stamkos in Stars zone.
8:43 of 2nd period - Wrist shot by Steven Stamkos.
8:43 of 2nd period - Shot Misses the Net.
8:45 of 2nd period - Slapshot by Keith Aulie.
8:45 of 2nd period - Shot Blocked by Shane O'Brien.
8:47 of 2nd period - Wrist shot by Jeff Skinner.
8:47 of 2nd period - Shot Misses the Net.
8:49 of 2nd period - Backhand shot by Keith Aulie.
8:49 of 2nd period - Shot Blocked by Boris Valabik.
9:05 of 2nd period - Wrist shot by Nikita Kucherov.
9:05 of 2nd period - Deflect By Steven Stamkos.
9:05 of 2nd period - Stopped by Matt Murray without a rebound.
9:06 of 2nd period - Gilbert Brule wins face-off versus John Tavares in Stars zone.
9:19 of 2nd period - Slapshot by Gilbert Brule.
9:19 of 2nd period - Shot Misses the Net.
10:01 of 2nd period - Alexei Marchenko is hit by Evgeny Grachev and loses puck.
10:20 of 2nd period - John Tavares is hit by Andrew Cogliano and loses puck.
11:02 of 2nd period - John Tavares is hit by Danny DeKeiser and loses puck.
12:00 of 2nd period - Icing by Cal Clutterbuck.
12:01 of 2nd period - Antoine Vermette wins face-off versus Nikita Kucherov in Penguins zone.
12:11 of 2nd period - Wrist shot by Jussi Jokinen.
12:11 of 2nd period - Stopped by Michal Neuvirth without a rebound.
12:12 of 2nd period - John Tavares wins face-off versus Steven Stamkos in Penguins zone.
13:08 of 2nd period - Snap shot by Joe Colborne.
13:08 of 2nd period - Stopped by Matt Murray without a rebound.
13:09 of 2nd period - Steven Stamkos wins face-off versus John Tavares in Stars zone.
13:10 of 2nd period - Wrist shot by Nikita Kucherov.
13:10 of 2nd period - Stopped by Matt Murray without a rebound.
13:11 of 2nd period - John Tavares wins face-off versus Nikita Kucherov in Stars zone.
13:15 of 2nd period - Off-side.
13:16 of 2nd period - Steven Stamkos wins face-off versus John Tavares in neutral zone.
13:35 of 2nd period - Snap shot by Steven Stamkos.
13:35 of 2nd period - Stopped by Matt Murray with a rebound.
13:37 of 2nd period - Slapshot by Danny DeKeiser.
13:37 of 2nd period - Deflect By Steven Stamkos.
13:37 of 2nd period - Stopped by Matt Murray without a rebound.
13:38 of 2nd period - Gilbert Brule wins face-off versus Antoine Vermette in Stars zone.
13:54 of 2nd period - Snap shot by Andrew Cogliano.
13:54 of 2nd period - Stopped by Matt Murray without a rebound.
13:55 of 2nd period - Steven Stamkos wins face-off versus John Tavares in Stars zone.
14:00 of 2nd period - Wrist shot by Steven Stamkos.
14:00 of 2nd period - Shot Misses the Net.
14:39 of 2nd period - Minor Penalty to Ian White for Hooking.
14:40 of 2nd period - Steven Stamkos wins face-off versus John Tavares in Stars zone.
16:39 of 2nd period - Penalty to Ian White is over, Ian White is back on ice.
16:48 of 2nd period - Joe Colborne is hit by B.J. Crombeen and loses puck.
17:01 of 2nd period - Cal Clutterbuck is hit by Ian White and loses puck.
17:21 of 2nd period - Snap shot by Cam Atkinson.
17:21 of 2nd period - Shot Blocked by Eric Gryba.
17:37 of 2nd period - Slapshot by Evgeny Grachev.
17:37 of 2nd period - Shot Blocked by Andrew Cogliano.
18:16 of 2nd period - Minor Penalty to Jeff Skinner for Holding.
18:17 of 2nd period - Steven Stamkos wins face-off versus John Tavares in Penguins zone.
Goals for this period are 1 for Penguins vs 0 for Stars.
Shots for this period are 14 for Penguins vs 6 for Stars.

3rd period


0:01 of 3rd period - Steven Stamkos wins face-off versus John Tavares in neutral zone.
0:13 of 3rd period - Slapshot by Brian Lee.
0:13 of 3rd period - Stopped by Michal Neuvirth with a rebound.
0:15 of 3rd period - Slapshot by Brian Lee.
0:15 of 3rd period - Stopped by Michal Neuvirth without a rebound.
0:16 of 3rd period - Penalty to Jeff Skinner is over, Jeff Skinner is back on ice.
0:16 of 3rd period - Steven Stamkos wins face-off versus Antoine Vermette in Penguins zone.
0:18 of 3rd period - Minor Penalty to Jeff Skinner for Cross-checking.
0:19 of 3rd period - Steven Stamkos wins face-off versus John Tavares in Penguins zone.
0:33 of 3rd period - Wrist shot by John Tavares.
0:33 of 3rd period - Shot Blocked by Danny DeKeiser.
0:35 of 3rd period - Snap shot by Guillaume Latendresse.
0:35 of 3rd period - Deflect By John Tavares.
0:35 of 3rd period - Shot Misses the Net.
0:35 of 3rd period - Puck is out of play.
0:36 of 3rd period - Steven Stamkos wins face-off versus John Tavares in Penguins zone.
0:36 of 3rd period - Steven Stamkos is hit by John Tavares.
1:01 of 3rd period - Icing by Jussi Jokinen.
1:02 of 3rd period - Daniel Carcillo wins face-off versus Antoine Vermette in Stars zone.
1:15 of 3rd period - Wrist shot by Michael Grabner.
1:15 of 3rd period - Shot Misses the Net.
1:17 of 3rd period - Snap shot by Michael Grabner.
1:17 of 3rd period - Stopped by Michal Neuvirth with a rebound.
1:19 of 3rd period - Snap shot by Michael Grabner.
1:19 of 3rd period - Shot Misses the Net.
1:21 of 3rd period - Slapshot by Michael Grabner.
1:21 of 3rd period - Goal by Michael Grabner - Penguins : 2 - Stars : 1.
1:22 of 3rd period - Guillaume Latendresse wins face-off versus Steven Stamkos in neutral zone.
1:29 of 3rd period - Snap shot by John Tavares.
1:29 of 3rd period - Stopped by Michal Neuvirth without a rebound.
1:30 of 3rd period - John Tavares wins face-off versus Steven Stamkos in Penguins zone.
2:04 of 3rd period - Minor Penalty to Keith Aulie for Roughing.
2:05 of 3rd period - Steven Stamkos wins face-off versus Antoine Vermette in Penguins zone.
2:29 of 3rd period - John Tavares is hit by Steven Stamkos and loses puck.
2:44 of 3rd period - Slapshot by Ian White.
2:44 of 3rd period - Stopped by Michal Neuvirth with a rebound.
4:04 of 3rd period - Penalty to Keith Aulie is over, Keith Aulie is back on ice.
4:09 of 3rd period - Slapshot by Gilbert Brule.
4:09 of 3rd period - Stopped by Matt Murray without a rebound.
4:10 of 3rd period - Sean Monahan wins face-off versus Cory Emmerton in Stars zone.
4:36 of 3rd period - Danny DeKeiser is hit by Jesse Joensuu and loses puck.
5:03 of 3rd period - Steven Stamkos is hit by Antoine Vermette and loses puck.
5:38 of 3rd period - Wrist shot by Marcus Foligno.
5:38 of 3rd period - Shot Blocked by Shane O'Brien.
5:46 of 3rd period - Snap shot by B.J. Crombeen.
5:46 of 3rd period - Shot Misses the Net.
5:52 of 3rd period - Minor Penalty to Marcus Foligno for Goalie Interference.
5:53 of 3rd period - John Tavares wins face-off versus Steven Stamkos in Penguins zone.
5:54 of 3rd period - Snap shot by Michael Grabner.
5:54 of 3rd period - Stopped by Michal Neuvirth without a rebound.
5:55 of 3rd period - John Tavares wins face-off versus Steven Stamkos in Penguins zone.
6:06 of 3rd period - Slapshot by Michael Grabner.
6:06 of 3rd period - Stopped by Michal Neuvirth with a rebound.
6:28 of 3rd period - Slapshot by Ian White.
6:28 of 3rd period - Shot Blocked by Jeff Schultz.
6:45 of 3rd period - Icing by Michael Grabner.
6:46 of 3rd period - Steven Stamkos wins face-off versus John Tavares in Stars zone.
7:02 of 3rd period - Icing by Alex Chiasson.
7:03 of 3rd period - Steven Stamkos wins face-off versus Antoine Vermette in Stars zone.
7:14 of 3rd period - Slapshot by Michael Grabner.
7:14 of 3rd period - Stopped by Michal Neuvirth with a rebound.
7:16 of 3rd period - Slapshot by Shane O'Brien.
7:16 of 3rd period - Shot Blocked by Jake McCabe.
7:43 of 3rd period - Icing by Brian Lee.
7:44 of 3rd period - John Tavares wins face-off versus Steven Stamkos in Stars zone.
7:52 of 3rd period - Penalty to Marcus Foligno is over, Marcus Foligno is back on ice.
8:09 of 3rd period - Snap shot by Jussi Jokinen.
8:09 of 3rd period - Stopped by Michal Neuvirth with a rebound.
8:11 of 3rd period - Snap shot by Alex Chiasson.
8:11 of 3rd period - Stopped by Michal Neuvirth without a rebound.
8:12 of 3rd period - Antoine Vermette wins face-off versus Steven Stamkos in Penguins zone.
8:40 of 3rd period - Minor Penalty to Gilbert Brule for Hooking.
8:41 of 3rd period - Steven Stamkos wins face-off versus John Tavares in Penguins zone.
8:47 of 3rd period - Danny DeKeiser is hit by Ian White and loses puck.
8:50 of 3rd period - Minor Penalty to John Tavares for High sticking.
8:51 of 3rd period - Ted Purcell wins face-off versus Steven Stamkos in Stars zone.
10:06 of 3rd period - Antoine Vermette is hit by Joe Colborne and loses puck.
10:40 of 3rd period - Penalty to Gilbert Brule is over, Gilbert Brule is back on ice.
10:50 of 3rd period - Penalty to John Tavares is over, John Tavares is back on ice.
10:58 of 3rd period - Boris Valabik is hit by Gilbert Brule and loses puck.
11:57 of 3rd period - Snap shot by Sean Monahan.
11:57 of 3rd period - Shot Misses the Net.
11:59 of 3rd period - Slapshot by Alexei Marchenko.
11:59 of 3rd period - Deflect By Sean Monahan.
11:59 of 3rd period - Stopped by Matt Murray without a rebound.
12:00 of 3rd period - Evgeny Grachev wins face-off versus Sean Monahan in Stars zone.
12:46 of 3rd period - Snap shot by Guillaume Latendresse.
12:46 of 3rd period - Stopped by Michal Neuvirth without a rebound.
12:47 of 3rd period - John Tavares wins face-off versus Steven Stamkos in Penguins zone.
12:51 of 3rd period - Penalty Shot by Nikita Kucherov for Penguins.
12:51 of 3rd period - Deke by Nikita Kucherov.
12:51 of 3rd period - Stopped by Matt Murray.
12:52 of 3rd period - John Tavares wins face-off versus Steven Stamkos in Penguins zone.
13:49 of 3rd period - Joe Colborne is hit by B.J. Crombeen and loses puck.
14:40 of 3rd period - Alexei Marchenko is hit by Antoine Vermette and loses puck.
14:48 of 3rd period - Icing by Marcus Foligno.
14:49 of 3rd period - John Tavares wins face-off versus Sean Monahan in Penguins zone.
15:00 of 3rd period - Wrist shot by Sean Monahan.
15:00 of 3rd period - Shot Misses the Net.
15:20 of 3rd period - Slapshot by Tyson Barrie.
15:20 of 3rd period - Shot Misses the Net.
16:54 of 3rd period - Slapshot by Sean Monahan.
16:54 of 3rd period - Stopped by Matt Murray with a rebound.
16:56 of 3rd period - Slapshot by Marian Hossa.
16:56 of 3rd period - Stopped by Matt Murray with a rebound.
17:06 of 3rd period - Snap shot by Paul Ladue.
17:06 of 3rd period - Shot Blocked by Eric Gryba.
17:16 of 3rd period - Backhand shot by Ted Purcell.
17:16 of 3rd period - Shot Misses the Net.
17:54 of 3rd period - Snap shot by Marcus Foligno.
17:54 of 3rd period - Stopped by Matt Murray with a rebound.
18:08 of 3rd period - Snap shot by Sean Monahan.
18:08 of 3rd period - Shot Misses the Net.
18:10 of 3rd period - Slapshot by Eric Gryba.
18:10 of 3rd period - Stopped by Matt Murray with a rebound.
18:16 of 3rd period - Snap shot by Sean Monahan.
18:16 of 3rd period - Shot Blocked by Paul Ladue.
19:01 of 3rd period - Wrist shot by Marcus Foligno.
19:01 of 3rd period - Goal by Marcus Foligno - Penguins : 3 - Stars : 1.
19:02 of 3rd period - Evgeny Grachev wins face-off versus Joe Colborne in neutral zone.
19:27 of 3rd period - Mark Stone is hit by Jussi Jokinen and loses puck.
Goals for this period are 1 for Penguins vs 1 for Stars.
Shots for this period are 7 for Penguins vs 12 for Stars.